 Dungeon Crawl Stone Soup version 0.28-a0-1629-gf728b707aa (webtiles) character file.

Game seed: 4590554675770162810

8 kae the Skirmisher (level 2, 24/24 HPs)
             Began as a Demonspawn Fighter on Jan 24, 2022.
             Quit the game on level 1 of the Dungeon.
             The game lasted 00:00:12 (213 turns).

kae the Skirmisher (Demonspawn Fighter)              Turns: 213, Time: 00:00:12

Health: 24/24      AC:  6    Str: 16    XL:     2   Next: 0%
Magic:  2/2        EV:  8    Int:  9    God:
Gold:   0          SH:  4    Dex: 12    Spells: 1/1 levels left

rFire   . . .      SeeInvis .     - Unarmed
rCold   . . .      Faith    .   b - +0 buckler
rNeg    . . .      Spirit   .   a - +0 scale mail
rPois   .          Reflect  .   (helmet restricted)
rElec   .          Harm     .   (no cloak)
rCorr   .          Rampage  .   (no gloves)
Will    .....                   (no boots)
Stlth   ..........              (no amulet)
HPRegen 0.08/turn               (no ring)
MPRegen 0.08/turn               (no ring)

@: no status effects
A: horns 1
a: no special abilities


You were on level 1 of the Dungeon.
You visited 1 branch of the dungeon, and saw 1 of its levels.

Inventory:

Armour
 a - a +0 scale mail (worn)
 b - a +0 buckler (worn)
Scrolls
 d - 2 scrolls of teleportation {unknown}
 e - a scroll of identify {unknown}
 f - a scroll of fear {unknown}
 g - a scroll of enchant weapon {unknown}
Potions
 c - a potion of might


   Skills:
 + Level 3.1 Fighting
 - Level 2.6 Armour
 - Level 2.6 Shields
 * Level 2.3 Unarmed Combat


You had one spell level left.
You didn't know any spells.
Your spell library was empty.

Dungeon Overview and Level Annotations

Branches:
Dungeon (1/15)

Altars:


Innate Abilities, Weirdness & Mutations

You have a pair of small horns on your head.


Message History

No target in view!
Found a glowing hand axe.
No target in view!
No target in view!
f - a scroll labelled OTRISHROTO No target in view!
No target in view!
Found a stone staircase leading down.
No target in view!
No target in view!
A hobgoblin comes into view.
The hobgoblin shouts!
A hobgoblin is nearby!
You barely miss the hobgoblin.
A hobgoblin is nearby!
You hit the hobgoblin but do no damage.
The hobgoblin hits you but does no damage.
You hit the hobgoblin.
The hobgoblin is heavily wounded.
The hobgoblin barely misses you. You block the hobgoblin's attack.
A hobgoblin is nearby!
You hit the hobgoblin but do no damage.
The hobgoblin is heavily wounded.
You hit the hobgoblin.
You kill the hobgoblin!
g - a scroll labelled WUZAEPSUNIETE No target in view!
No target in view!
You see here a +0 club.
A ball python comes into view.
The ball python hisses angrily.
The teleport trap disappears.
The ball python disappears!
No target in view!
A ball python is nearby!
You hit the ball python.
You kill the ball python!
You have reached level 2!
Your demonic ancestry asserts itself...
A pair of horns grows on your head!
Are you sure you want to abandon this character and quit the game? (Confirm with "yes".)

.###......................##.....
.).......................).......
...##♣♣♣.♣♣♣##......###...#######
...# ♣⌠♣ #..##### #...#
...♣♣♣♣♣.♣♣♣♣♣..# #.#...
......⌠.<.⌠.....# #..>....
...♣♣♣♣♣.♣♣♣♣♣..## #........ ...#
♣⌠♣ #..†######(.......
#..##♣♣♣.♣♣♣##..@..............
#.................######
#################.# #........#
#........... #............#
......##....... ##.... ..#....
...... ##....#


There were no monsters in sight!

Vanquished Creatures
  A ball python (D:1)
  2 bats (D:1)
  A hobgoblin (D:1)
  A quokka (D:1)
  2 kobolds (D:1)
7 creatures vanquished.

Notes
Turn   | Place    | Note
-------+----------+-------------------------------------------
     0 | D:1      | kae the Demonspawn Fighter began the quest for the Orb.
     0 | D:1      | Reached XP level 1. HP: 18/18 MP: 1/1
   213 | D:1      | Gained mutation: You have a pair of small horns on your
                  | head. [demonic ancestry]
   213 | D:1      | Reached XP level 2. HP: 24/24 MP: 2/2
   213 | D:1      | Quit the game

Illustrated notes

Levels and vault maps discovered:
D:1:      scummos_arrival_forest, layout_basic, hangedman_decor_growths

Skill      XL: |  1 |
---------------+----+-----
Unarmed Combat | 2 |  2.3
Fighting       | |  3.1
Armour         | |  2.6
Shields        | |  2.6

Action                   || total
-------------------------++-------
Melee: Unarmed           ||    32
Armor: Scale mail        ||    11
Dodge: Dodged            ||    10
Block: Buckler           ||     6

Table legend: (Time is in decaauts)
 A = Elapsed time spent in this place.
 B = Non-inter-level travel time spent in this place.
 C = Inter-level travel time spent in this place.
 D = Time resting spent in this place.
 E = Time spent auto-exploring this place.
 F = Levels seen in this place.
 G = Mean time per level.
                   A        B        C        D        E       F      G
               +--------+--------+--------+--------+--------+-----+--------+
         Total |    212 |    212 |      0 |      0 |    152 |   1 |  212.0 |
       Dungeon |    212 |    212 |      0 |      0 |    152 |   1 |  212.0 |
               +--------+--------+--------+--------+--------+-----+--------+

Top non-repeatable levels by time:
     D:1: 212 daAuts
